Map: Pylon LE

Players

ManlyManMeat

  • Race: Zerg Zerg
  • League: Diamond
  • Spawn Location: 5:00

MMMM - Winner!

  • Race: Terran Terran
  • League: Diamond
  • Spawn Location: 11:00

VOD

Have the link to the VOD?

Description

Time

  • Played on: July 9, 2025, 7:56 a.m.
  • Length: 15:25
Show
View Real Time Build Order
Export as new Build Order

ManlyManMeat Zerg 

Build Orders: Hatch First 

Get SALT Encoding   

  12  0:00  Drone  
  13  0:08  Drone  
  14  0:14  Extractor  
  14  0:15  Drone  
  15  0:21  Overlord  
  15  0:40  Drone  
  16  0:47  Hatchery  
  15  0:50  Drone  
  15  0:53  Drone  
  17  0:58  Drone  
  18  1:07  Extractor  
  17  1:14  Spawning Pool  
  17  1:17  Drone  
  17  1:20  Drone  
  18  1:26  Drone  
  19  1:37  Drone  
  20  2:03  Queen x2  
  20  2:04  Zergling x4  
  20  2:05  Overlord  
  26  2:11  Metabolic Boost  
  26  2:16  Drone  
  26  2:17  Drone  
  27  2:45  Drone x3  
  31  2:58  Zergling x4  
  31  3:00  Drone, Hatchery  
  31  3:01  Drone, Overlord  
  32  3:10  Zergling x4  
  34  3:18  Overlord x2  
  34  3:19  Queen  
  36  3:28  Drone x5  
  41  3:43  Drone x3  
  44  3:52  Overlord x2  
  43  4:18  Drone x3  
  43  4:19  Baneling Nest  
  43  4:24  Extractor  
  44  4:25  Drone x3  
  44  4:29  Evolution Chamber  
  44  4:31  Queen x2  
  46  4:34  Drone  
  46  4:35  Drone x3  
  54  4:40  Hatchery  
  53  4:59  Zergling x10  
  51  5:34  Overlord x2  
  51  5:35  Overlord x2  
  51  5:45  Overlord x3  
  51  5:53  Overlord x3, Queen x3  
  57  6:00  Zergling x2  
  57  6:01  Zergling x2  
  59  6:14  Zergling x8  
  60  6:29  Queen x3  
  60  6:30  Zergling x4  
  60  6:31  Zergling x10  
  68  6:42  Zergling x10  
  64  7:08  Drone x5  
  67  7:09  Drone x5, Overlord  
  67  7:10  Overlord x2  
  67  7:14  Zerg Melee Weapons Level 1, Lair  
  74  7:25  Queen x2  
  74  7:28  Zergling x10  
  83  7:33  Hatchery  
  82  7:43  Hatchery  
  81  7:48  Baneling  
  81  7:49  Baneling x14  
  80  7:53  Zergling x22  
  89  8:10  Zergling x2  
  89  8:11  Zergling x18  
  92  8:36  Centrifugal Hooks  
  92  8:37  Zergling x22  
  102  9:00  Baneling x4  
  83  9:38  Extractor x2  
  81  9:41  Extractor  
  81  9:42  Drone  
  81  9:43  Drone x5, Extractor  
  81  9:45  Drone x3  
  88  9:46  Drone x3  
  88  9:47  Drone x4  
  95  10:19  Spire  
  89  10:27  Spore Crawler  
  87  10:28  Spore Crawler  
  87  10:30  Spore Crawler  
  85  10:44  Drone  
  85  10:45  Drone x3  
  85  10:46  Drone x2, Evolution Chamber  
  90  10:58  Zergling x48  
  90  10:59  Zergling x2  
  112  11:12  Zergling x12  
  112  11:17  Infestation Pit  
  79  11:40  Zergling x2  
  79  11:41  Zergling x22  
  90  11:48  Zergling x38  
  109  11:57  Zergling x12  
  109  12:00  Corruptor x2  
  100  12:26  Zergling x32  
  89  12:57  Infestor x3  
  89  12:58  Zergling x26  
  100  12:59  Zergling x4  
  112  13:16  Drone  
  112  13:17  Drone x9  
  121  13:20  Zergling x4, Infestor  
  121  13:21  Zergling x2, Corruptor  
  94  13:35  Zergling x14  
  94  13:39  Zergling x10  
  84  13:44  Zergling x4  
  84  13:46  Zergling x2  
  84  13:47  Queen x3  
  79  13:52  Drone x4  
  82  13:55  Baneling x7  
  82  13:56  Baneling x3  
  82  14:00  Zergling x10  
  73  14:11  Zergling x12  
  73  14:14  Zergling x6  
  50  14:24  Zergling x12  
  54  14:31  Zergling x6  
  54  14:36  Zergling x10  
  54  14:37  Zergling x2  
  47  14:43  Zergling x2  
  43  14:47  Zergling x8  
  44  14:54  Zergling x2  
  34  15:08  Zergling x2  
  34  15:09  Baneling x9  
Show
View Real Time Build Order
Export as new Build Order

MMMM Terran - Winner!

Build Orders: Liberator Opening, Reaper Expand, Mech 

Get SALT Encoding   

  12  0:00  SCV  
  13  0:12  SCV  
  14  0:17  Supply Depot  
  14  0:24  SCV  
  15  0:39  SCV  
  15  0:40  Barracks  
  16  0:45  Refinery  
  16  0:51  SCV  
  17  1:03  SCV  
  18  1:15  SCV  
  19  1:28  Reaper  
  19  1:29  Orbital Command  
  20  1:38  Command Center  
  20  1:46  Supply Depot  
  20  1:55  SCV  
  20  1:59  Marine  
  22  2:07  SCV  
  23  2:09  Factory  
  23  2:12  Refinery  
  23  2:17  Marine  
  23  2:20  SCV  
  25  2:41  Marine, SCV  
  27  3:06  Marine, SCV  
  27  3:07  Factory Tech Lab  
  29  3:13  Starport  
  29  3:17  Orbital Command  
  29  3:19  SCV  
  30  3:23  Marine  
  30  3:27  Siege Tank  
  34  3:30  Supply Depot  
  34  3:31  SCV  
  34  3:41  Marine  
  34  3:43  SCV  
  34  3:45  SCV  
  37  3:52  Liberator  
  40  3:59  Marine  
  41  4:07  SCV x2  
  43  4:11  Siege Tank  
  46  4:17  Marine  
  46  4:20  Supply Depot  
  46  4:24  SCV x2  
  49  4:35  Marine  
  49  4:36  SCV, Medivac  
  53  4:43  Engineering Bay  
  53  4:44  Supply Depot  
  53  4:47  SCV  
  53  4:48  SCV  
  55  4:53  Marine  
  55  4:58  Siege Tank  
  55  4:59  SCV  
  60  5:00  SCV  
  61  5:10  Marine  
  62  5:20  SCV x2  
  58  5:33  Marine, SCV  
  58  5:37  Siege Tank  
  57  5:53  SCV x2  
  57  5:54  Marine  
  60  5:57  Terran Infantry Weapons Level 1  
  60  5:59  Refinery x2  
  60  6:01  Supply Depot  
  60  6:05  Barracks  
  60  6:06  Barracks  
  60  6:07  Barracks  
  60  6:09  Factory  
  60  6:14  Marine, SCV x2  
  60  6:15  Siege Tank  
  62  6:33  Marine, SCV  
  61  6:46  SCV x2  
  61  6:48  Supply Depot  
  58  7:03  SCV x2  
  60  7:21  Barracks Tech Lab x2  
  60  7:22  Barracks Reactor  
  60  7:32  Command Center  
  60  7:34  Command Center, Barracks, Factory Tech Lab  
  60  7:35  Barracks  
  60  7:36  Supply Depot, SCV x2  
  62  7:37  Factory  
  62  7:39  Engineering Bay  
  62  7:41  Armory  
  62  7:47  Starport Reactor  
  62  7:55  SCV x2  
  64  7:58  Siege Tank  
  64  7:59  Siege Tank  
  64  8:00  Marauder  
  64  8:02  Marauder, Marine x2  
  75  8:18  Supply Depot  
  75  8:21  Marauder, SCV  
  75  8:22  Marine x2, SCV  
  75  8:23  Marauder  
  75  8:25  Factory Tech Lab, Medivac  
  85  8:39  Liberator  
  88  8:43  Marauder  
  88  8:45  Marauder  
  92  8:50  Terran Infantry Weapons Level 2  
  92  8:51  Terran Infantry Armor Level 1, Terran Vehicle Weapons Level 1  
  92  8:52  Marine x2  
  94  9:00  Marine  
  95  9:04  Marauder  
  95  9:06  Marauder  
  99  9:11  Barracks Reactor  
  94  9:19  Marine x2  
  94  9:20  Siege Tank  
  84  9:26  Marauder  
  84  9:28  Marauder  
  84  9:34  SCV  
  84  9:35  Siege Tank  
  88  9:41  Siege Tank  
  91  9:47  Marauder  
  91  9:48  Marine x2  
  91  9:49  Marauder, Marine x2  
  99  9:52  Orbital Command  
  99  10:08  Marauder  
  99  10:10  Marauder  
  99  10:11  SCV x2  
  105  10:17  Orbital Command  
  105  10:20  Marine x2, Barracks Reactor x2  
  107  10:30  Marauder  
  107  10:32  Marauder  
  107  10:33  SCV x2  
  113  10:36  Refinery  
  113  10:38  Refinery  
  113  10:40  Refinery  
  113  10:41  Refinery  
  110  10:50  Marine x2  
  110  10:51  Marauder  
  110  10:53  Marauder  
  116  11:02  Marine x3  
  116  11:04  Terran Infantry Armor Level 2, Siege Tank, Medivac  
  124  11:11  Medivac  
  124  11:13  Marauder  
  124  11:14  Marauder  
  119  11:19  Marine x2  
  119  11:21  Siege Tank  
  119  11:24  Stimpack, Siege Tank  
  117  11:34  Marauder  
  117  11:36  Marauder  
  114  11:42  SCV x3  
  114  11:46  Marine x5  
  114  11:47  Marine x2  
  124  12:03  Supply Depot  
  124  12:04  Supply Depot  
  124  12:05  Supply Depot  
  124  12:07  Marine  
  124  12:08  Marauder  
  124  12:09  Marine  
  124  12:11  Medivac  
  124  12:12  Medivac  
  124  12:14  Marauder  
  124  12:21  Siege Tank  
  124  12:22  Siege Tank  
  124  12:23  Marine x3  
  124  12:24  Marine x3  
  124  12:25  Marine, Siege Tank  
  124  12:26  SCV x3  
  124  12:27  Orbital Command  
  124  12:29  Marauder  
  131  12:35  Marauder  
  129  12:51  Marauder  
  129  12:53  Siege Tank  
  129  12:54  Siege Tank  
  129  12:56  Marine x8  
  129  12:57  Marauder  
  129  12:58  Terran Vehicle Weapons Level 2  
  145  13:06  SCV x3  
  148  13:31  Marine, SCV  
  148  13:32  SCV  
  148  13:33  Marine x3, SCV x2  
  148  13:40  Marine x2  
  148  14:06  SCV x2  
  148  14:07  Marauder, Marine x2, SCV x2  
  148  14:08  Marauder  
  143  14:10  Marine x6  
  143  14:14  Siege Tank  
  143  14:15  Siege Tank  
  146  14:18  SCV, Siege Tank  
  146  14:19  SCV x2  
  146  14:23  SCV  
  139  14:25  Marine x2  
  139  14:29  Marauder x2  
  139  14:30  SCV  
  139  14:31  SCV  
  136  14:48  Marine x4  
  136  14:49  Marine x4  
  136  14:50  Marauder x2  
  148  15:06  Marine x2  
Tags
 
Add a new tag
Caveats
  • Supply blocks, unpowered buildings, or Contaminate may cause inaccurate times.
  • Supply counts are checked every 10 seconds.